 Dungeon Crawl Stone Soup version 0.32-a0-572-g3e1049bc92 (webtiles) character file.

Game seed: 13537096936133328118

145326 EnegeticOcto the Sage (level 17, -2/151 HPs)
             Began as a Ghoul Fire Elementalist on Feb 29, 2024.
             Was a High Priest of Sif Muna.
             Slain by a jumping spider (11 damage)
             ... on level 3 of the Spider Nest on Mar 1, 2024.
             The game lasted 01:39:06 (52021 turns).

EnegeticOcto the Sage (Ghoul Fire Elementalist)    Turns: 52021, Time: 01:39:06

Health: -2/151     AC:  3    Str: 14    XL:     17   Next: 42%
Magic:  11/31      EV:  9    Int: 18    God:    Sif Muna [*****.]
Gold:   2811       SH:  0    Dex:  9    Spells: 9/37 levels left

rFire   + . .        y - staff of conjuration
rCold   + . .        t - +2 buckler "Icsy" {rElec Will+ Int-2}
rNeg    + + +        E - +2 robe {rC+}
rPois   ∞            G - +0 helmet
rElec   +            J - +0 cloak
rCorr   .            T - +1 pair of gloves
SInv    .            o - +2 pair of boots
Will    ++...        O - amulet of reflection
Stlth   ++           R - ring of fire
HPRegen 0.00/turn    X - +5 ring of evasion
MPRegen 0.22/turn

%: reflection
@: about to teleport, corroded, held, inhibited regen
A: claws 1, cold resistance 1, negative energy resistance 3, inhibited
regeneration, torment resistance 2, devour on kill
a: Renounce Religion, Channel Magic, Forget Spell, Divine Exegesis


You were on level 3 of the Spider Nest.
You worshipped Sif Muna.
Sif Muna was extremely pleased with you.
You visited 6 branches of the dungeon, and saw 27 of its levels.
You also visited: Sewer, Bailey, Gauntlet and Ice Cave.

You collected 3349 gold pieces.
You spent 538 gold pieces at shops.

Inventory:

Hand Weapons
 p - a +4 dagger
   (You took it off a kobold on level 3 of the Dungeon)
 s - the +10 flail "Isynont" {spect, rN+ rCorr}
   (You bought it in a shop on level 2 of the Orcish Mines)

   rN+:       It protects you from negative energy.
   rCorr:     It protects you from acid and corrosion.
 Z - a +6 long sword of distortion
   (You found it on level 5 of the Lair of Beasts)
Missiles
 c - 3 throwing nets {!f}
 K - a curare-tipped dart
Armour
 o - a +2 pair of boots (worn)
   (You found it on level 4 of the Dungeon)
 t - the +2 buckler "Icsy" (worn) {rElec Will+ Int-2}
   (You acquired it on level 6 of the Dungeon)

   Int-2:     It affects your intelligence (-2).
   rElec:     It insulates you from electricity.
   Will+:     It increases your willpower.
 E - a +2 robe of cold resistance (worn)
   (You took it off Fannar on level 3 of the Lair of Beasts)
 G - a +0 helmet (worn)
   (You found it on level 7 of the Dungeon)
 J - a +0 cloak (worn)
   (You found it on level 12 of the Dungeon)
 T - a +1 pair of gloves (worn)
   (You found it in an ice cave)
 W - a +2 kite shield of cold resistance
   (You found it in an ice cave)
Magical Staves
 y - a staff of conjuration (weapon)
   (You found it in a Gauntlet)
Jewellery
 f - the amulet of Qacyluk {Faith +Inv rF+ rC+ Will+}
   (You found it on level 11 of the Dungeon)

   [amulet of faith]

   Faith:     It allows you to gain divine favour quickly.
   rF+:       It protects you from fire.
   rC+:       It protects you from cold.
   Will+:     It increases your willpower.
   +Inv:      It lets you turn invisible.
 n - a ring of willpower
   (You found it on level 11 of the Dungeon)
 O - an amulet of reflection (around neck)
   (You found it on level 10 of the Dungeon)
 R - a ring of fire (left hand)
   (You found it on level 2 of the Lair of Beasts)
 X - a +5 ring of evasion (right hand)
   (You found it in an ice cave)
Wands
 r - a wand of iceblast (13) {@v2}
   (You found it on level 3 of the Dungeon)
 H - a wand of polymorph (20)
   (You found it on level 8 of the Dungeon)
 M - a wand of paralysis (17)
   (You took it off an orc warrior on level 9 of the Dungeon)
 N - a wand of quicksilver (11) {@v1}
   (You found it on level 10 of the Dungeon)
 S - a wand of mindburst (40)
   (You found it on level 3 of the Lair of Beasts)
Scrolls
 a - 2 scrolls of identify {@r1}
 d - 5 scrolls of revelation {@r5 !r}
 i - 2 scrolls of brand weapon
 k - 4 scrolls of enchant weapon
 l - 7 scrolls of blinking {@r4}
 q - 4 scrolls of poison {!r}
 w - 5 scrolls of teleportation {@r3 !r}
 x - 7 scrolls of fog {!r}
 z - 4 scrolls of silence {!r}
 A - 5 scrolls of immolation
 P - a scroll of vulnerability
 U - 4 scrolls of fear {!r}
 V - 2 scrolls of butterflies {!r}
 Y - 4 scrolls of amnesia
Potions
 b - a potion of ambrosia
 e - 4 potions of enlightenment
 g - 2 potions of invisibility
 h - 2 potions of attraction
 j - 13 potions of curing {@q1 !q}
 m - 4 potions of haste {@q4 !q}
 u - 2 potions of cancellation
 D - 5 potions of heal wounds {@q2 !q}
 F - 2 potions of brilliance
 I - 5 potions of might {@q3 !q}
 L - 4 potions of magic
Miscellaneous
 v - a tin of tremorstones (2/2)
   (You found it on level 12 of the Dungeon)
 B - a phantom mirror
   (You found it on level 12 of the Dungeon)
 C - a phial of floods
   (You found it on level 12 of the Dungeon)
 Q - a box of beasts
   (You found it on level 5 of the Lair of Beasts)


   Skills:
 + Level 13.8 Fighting
 - Level 4.0 Dodging
 - Level 3.0 Stealth
 - Level 4.0 Shields
 + Level 10.6 Spellcasting
 - Level 10.0 Conjurations
 - Level 5.0 Summonings
 + Level 12.5 Fire Magic
 - Level 9.0 Alchemy
 - Level 14.0 Invocations
 - Level 4.0 Evocations


You had 9 spell levels left.
You knew the following spells:

 Your Spells              Type           Power      Damage    Failure   Level
a - Apportation           Tloc           18%        N/A       10%         1
b - Fireball              Conj/Fire      42%        3d17      2%          5
c - Summon Blazeheart Go  Fire/Summ      57%        N/A       2%          4
d - Flame Wave            Conj/Fire      85%        2d18      1%          4
e - Scorch                Fire           100%       2d9       1%          2
f - Summon Small Mammal   Summ           100%       N/A       1%          1
g - Starburst             Conj/Fire      42%        6d12      14%         6
z - Irradiate             Conj/Alch      30%        3d21      5%          5

Your spell library contained the following spells:

 Spells                   Type           Power      Damage    Failure   Level
 Foxfire                  Conj/Fire      100%       2x1d9     1%          1
 Sting                    Conj/Alch      100%       1d9       1%          1
 Momentum Strike          Conj/Tloc      82%        3d10      1%          2
 Searing Ray              Conj           100%       2d8       1%          2
 Static Discharge         Conj/Air       82%        3-7/arc   1%          2
 Fulminant Prism          Conj/Alch      30%        3d15      1%          4
 Inner Flame              Hex/Fire       48%        N/A       2%          3
 Mephitic Cloud           Conj/Alch/Air  48%        N/A       2%          3
 Volatile Blastmotes      Fire/Tloc      96%        2d18      2%          3
 Call Canine Familiar     Summ           27%        N/A       3%          3
 Dazzling Flash           Conj/Hex       82%        N/A       3%          3
 Hailstorm                Conj/Ice       41%        3d9       3%          3
 Stone Arrow              Conj/Erth      82%        3d12      3%          3
 Cigotuvi's Dreadful Rot  Necr/Alch/Air  40%        N/A       4%          2
 Iskenderun's Battlesphe  Conj           62%        2d11      4%          5
 Alistair's Intoxication  Alch           27%        N/A       7%          5
 Necrotise                Necr           36%        1d5       10%         1
 Sandblast                Erth           18%        2d7       10%         1
 Summon Ice Beast         Ice/Summ       18%        N/A       11%         3
 Brom's Barrelling Bould  Conj/Erth      41%        2d6       13%         4
 Iskenderun's Mystic Bla  Conj/Tloc      41%        2d9       13%         4
 Jinxbite                 Hex            18%        N/A       16%         2
 Frozen Ramparts          Ice            18%        1d3       30%         3
 Passwall                 Erth           9%         N/A       30%         3
 Vampiric Draining        Necr           9%         2d6       30%         3
 Animate Armour           Summ/Erth      36%        N/A       34%         4
 Martyr's Knell           Necr/Summ      18%        N/A       34%         4
 Arcjolt                  Conj/Air       20%        1d30      34%         5
 Eringya's Noxious Bog    Alch           20%        4d6       36%         6
 Yara's Violent Unravell  Hex/Alch       12%        3d7       41%         5
 Freezing Cloud           Conj/Ice/Air   16%        6-21      56%         5
 Anguish                  Hex/Necr       4%         N/A       69%         4
 Cause Fear               Hex            4%         N/A       69%         4
 Dimensional Bullseye     Hex/Tloc       4%         N/A       69%         4
 Dispel Undead            Necr           9%         3d8       69%         4
 Vhi's Electric Charge    Tloc/Air       18%        N/A       69%         4
 Summon Forest            Summ/Tloc      9%         N/A       69%         5
 Plasma Beam              Fire/Air       24%        2x1d36    75%         6
 Orb of Destruction       Conj           31%        9d10      80%         7
 Bombard                  Conj/Erth      20%        9d4       89%         6
 Sculpt Simulacrum        Ice/Alch       12%        N/A       94%         6
 Borgnjor's Vile Clutch   Necr/Erth      4%         N/A       95%         5
 Curse of Agony           Necr           9%         N/A       95%         5
 Metabolic Englaciation   Hex/Ice        4%         N/A       95%         5
 Silence                  Hex/Air        4%         N/A       95%         5
 Spellforged Servitor     Conj/Summ      26%        N/A       98%         7
 Death Channel            Necr           4%         N/A       100%        6
 Enfeeble                 Hex            4%         N/A       100%        7
 Ozocubu's Refrigeration  Ice            4%         4d8       100%        7
 Discord                  Hex            4%         N/A       100%        8
 Lehudib's Crystal Spear  Conj/Erth      20%        10d6      100%        8
 Maxwell's Capacitive Co  Air            4%         ∞         100%        8
 Chain Lightning          Conj/Air       20%        3d27      100%        9
 Dragon's Call            Summ           13%        N/A       100%        9
 Fire Storm               Conj/Fire      42%        8d11      100%        9
 Polar Vortex             Ice            4%         N/A       100%        9


Dungeon Overview and Level Annotations

Branches:
Dungeon (15/15) Zot: 21750  Temple (1/1) D:7 Zot: 5863    Lair (5/5) D:9 Zot: 21187
  Swamp (1/4) Lair:3 Zot: 5998  Spider (3/4) Lair:2 Zot: 13677   Slime (0/5) Lair:5
    Orc (2/2) D:10 Zot: 6583     Elf (0/3) Orc:2        Vaults (0/5) D:13
 Depths (0/4) D:15          Sewer (visited)          Bailey (visited)
  IceCv (visited)         Gauntlet (visited)

Altars:
Ashenzari
Cheibriados
Dithmenos
Fedhas
Gozag
Hepliaklqana
Kikubaaqudgha
Makhleb
Nemelex Xobeh
Okawaru
Qazlal
Ru
Sif Muna
Trog
Uskayaw
Vehumet
Wu Jian
Xom
Yredelemnul
Beogh
Jiyva

Shops:
D:11 (   Orc:2 ((*(

Annotations:
D:12 3 runed translucent doors, exclusion: 3 doors, Byttilayh's ghost, journeyman GrMo; GordonOverkill's ghost, journeyman DEDe


Innate Abilities, Weirdness & Mutations

You are immune to poison.
You have sharp fingernails.
Your flesh is cold resistant. (rC+)
You are immune to negative energy. (rN+++)
You do not regenerate when monsters are visible.
You are immune to unholy pain and torment.
You thrive by killing the living.


Message History

The tarantella barely misses you.
The jumping spider leaps!
You swap places.
The redback bites your blazeheart golem!
Your blazeheart golem punches the redback!
The redback bites your blazeheart golem!
The redback bites your blazeheart golem but does no damage.
The jumping spider barely misses you. The jumping spider closely misses you.
The culicivora chitters at the redback.
The redback's wounds heal themselves!
The redback bites your blazeheart golem! x2
The jumping spider leaps!
The redback bites your blazeheart golem!
The jumping spider leaps!
The culicivora chitters at the redback.
The redback is healed somewhat.
Casting: Scorch (safe; 1% risk of failure)
Press: ? - help, Q - select action, (/) - cycle Dir - look around, f - activate You feel a surge of power!
Flames lash the redback.
The redback is burned terribly!
You kill the redback!
Sif Muna accepts your kill.
You feel better.
The redback bites your blazeheart golem!
Your blazeheart golem falls apart, revealing its core!
The redback completely misses your blazeheart core.
The redback completely misses your blazeheart core.
The jumping spider leaps!
Something completely misses your blazeheart core.
The tarantella completely misses your blazeheart core.
The jumping spider leaps!
Your blazeheart core explodes!
Sif Muna accepts your kill.
You feel a bit more experienced.
The fiery explosion engulfs the redback!!
The fiery explosion engulfs the tarantella!
The redback is engulfed in blazing flames.
You kill the redback!
Sif Muna accepts your kill.
The tarantella is engulfed in blazing flames.
You hear a shout!
Casting: Scorch (safe; 1% risk of failure)
Confirm with . or Enter, or press ? or * to list all spells.
You feel a surge of power!
A fiery spirit appears, bound in slag iron.
The tarantella is engulfed in blazing flames.
The culicivora is engulfed in blazing flames.
The jumping spider leaps!
The tarantella is engulfed in blazing flames.
You kill the tarantella!
Sif Muna accepts your kill.
A redback comes into view.
The culicivora is engulfed in blazing flames.
The demonic crawler is engulfed in blazing flames.
The culicivora is engulfed in blazing flames.
The redback is engulfed in blazing flames.
The demonic crawler hits you!
The demonic crawler closely misses you. x2
The entropy weaver is engulfed in blazing flames.
You feel you are being watched by something.
You feel your power leaking away.
The culicivora attacks as it pursues you!
The culicivora bites you!
The redback is engulfed in blazing flames.
The demonic crawler attacks as it pursues you!
The demonic crawler misses you.
The demonic crawler completely misses you.
The demonic crawler misses you.
Really read
w - 6 scrolls of teleportation {@r3 !r}?
As you read the scroll of teleportation {@r3 !r}, it crumbles to dust.
You feel strangely unstable.
Your blazeheart golem's core grows cold and it stops moving.
The redback is engulfed in blazing flames.
The culicivora bites you. The demonic crawler hits you!
The demonic crawler hits you. You block the demonic crawler's attack.
The redback is engulfed in blazing flames.
You kill the redback!
Sif Muna accepts your kill. The culicivora completely misses you.
You feel you are being watched by something.
You feel your power leaking away.
Your blazeheart golem's core flares to life once more.
The jumping spider pounces on you!!
You are caught in a web!
The jumping spider bites you.
The demonic crawler attacks as it pursues you!
The demonic crawler hits you! x2; The demonic crawler hits you.
Your blazeheart golem punches the jumping spider.
There is a web here.
You struggle to detach yourself from the web.
The jumping spider pounces on you.
You are even more entangled.
The jumping spider bites you. The jumping spider pounces on you!
The jumping spider closely misses you. The demonic crawler closely misses you.
The demonic crawler hits you!
* * * LOW HITPOINT WARNING * * *
The demonic crawler closely misses you. The jumping spider pounces on you!!
* * * LOW HITPOINT WARNING * * *
You are even more entangled.
The jumping spider bites you.
* * * LOW HITPOINT WARNING * * *
The demonic crawler closely misses you. The demonic crawler hits you!
* * * LOW HITPOINT WARNING * * *
The demonic crawler misses you. The jumping spider pounces on you!
You die...

*
######.............,,
*
#########.........,,,
*
####..#.......^...,,,
* ##†.............,,,,
* #...^..........^,,,,
* ##..............,,,,
* ##......^......#,^,*
*
###..9........#..#****
* ****
#....@s...........,**
***,,*
##..sss.........,,,,*
,*,,,*
##..B..........,,,**
,,,,,**
##.s.........*,^,**
,,,,,,*
##†........,,,,,,*
*,,,,,*
**##.#......,,,,,,*
**^,,**
**,#?††......*,,*,,*
,,,*,*
*,.....##...#*,*,*,*
,,,,,*
*#..B....,#...*******


You could see an entropy weaver, a demonic crawler, a culicivora, 2 jumping
spiders, a redback and a friendly blazeheart golem (summoned).

Vanquished Creatures
  Asterion (Spider:1)
  A sphinx (D:12)
  A tengu reaver (D:12)
  Aizul (Spider:3)
  A fire giant (D:12)
  2 frost giants
  A spark wasp (Spider:2)
  A minotaur (Gauntlet)
  2 fire dragons
  2 entropy weavers
  5 vault guards
  4 hydras
  Fannar (Lair:3)
  A death knight (D:14)
  4 ogre magi
  6 radroaches
  4 catoblepae
  6 boulder beetles
  A jorogumo (Spider:2)
  5 centaur warriors
  18 two-headed ogres
  The ghost of nakedcarnage the Carver, a journeyman OpWn of Hepliaklqana (D:10)
  A deep troll shaman (Lair:5)
  2 tengu warriors (D:15)
  2 death yaks (Lair:5)
  4 demonic crawlers
  5 orc high priests
  A death scarab (Spider:2)
  A pharaoh ant (Spider:2)
  Lodul (D:13)
  A skeletal warrior (D:14)
  3 orb spiders
  A bog body (IceCv)
  A sun moth (Lair:2)
  2 arcanists (D:13)
  A harpy (shapeshifter) (D:12)
  A deep elf zephyrmancer (D:12)
  A steelbarb worm (Spider:2)
  A lindwurm (Lair:5)
  3 necromancers
  5 deep elf pyromancers
  4 wolf spiders
  9 orc knights (Orc:2)
  10 ugly things
  2 orc sorcerers (Orc:2)
  3 manticores
  4 cyclopes
  3 elephants (Lair:5)
  A shining eye (Lair:3)
  4 kobold blastminers (Orc:2)
  Joseph (D:7)
  2 ice statues
  5 black mambas
  A cane toad (shapeshifter) (D:12)
  2 torpor snails
  A gargoyle (D:12)
  A rime drake (shapeshifter) (D:12)
  Jeremiah (D:7)
  12 cane toads
  A yaktaur (D:12)
  A kobold demonologist (D:12)
  An efreet (D:15)
  4 komodo dragons
  8 ice devils
  A freezing wraith (D:14)
  6 trolls
  An anaconda simulacrum (IceCv)
  2 tengu conjurers (D:14)
  2 hornets (D:11)
  5 polar bears
  12 tarantellas
  14 blink frogs
  Prince Ribbit (Bailey)
  A tarantella (shapeshifter) (D:14)
  5 dream sheep (Lair:5)
  14 jumping spiders
  3 slime creatures (D:12)
  2 shadows
  15 culicivoras
  2 small abominations (Gauntlet)
  2 wyverns
  21 humans
  A human (shapeshifter) (D:12)
  6 wraiths
  3 neqoxecs (D:10)
  35 yaks
  A warg (Orc:1)
  4 basilisks
  5 death yak simulacra
  A steam dragon (D:9)
  11 vampire mosquitoes
  37 redbacks
  A harpy simulacrum (IceCv)
  2 hell hounds (Lair:2)
  3 acid dragons (D:12)
  14 water moccasins
  A hydra simulacrum (IceCv)
  34 orc warriors
  2 sky beasts
  3 black bears
  A laughing skull (D:12)
  3 ice beasts
  20 ogres
  11 centaurs
  20 wolves
  A phantom (D:4)
  7 kobold brigands
  A weeping skull (D:6)
  13 bullfrogs
  3 scorpions
  A cane toad simulacrum (IceCv)
  6 two-headed ogre simulacra (IceCv)
  11 wights
  An elephant simulacrum (IceCv)
  12 killer bees
  5 electric eels (Lair:3)
  6 bombardier beetles
  3 quasits (D:10)
  2 hounds
  35 orc priests
  4 sleepcaps
  A gnoll bouda (D:8)
  A jelly (D:8)
  4 iguanas
  26 orc wizards
  4 hell rats (Lair:4)
  2 troll simulacra (IceCv)
  7 spriggan simulacra (IceCv)
  3 wolf simulacra
  A nameless horror (Lair:5)
  A boggart simulacrum (D:12)
  11 gnolls
  8 adders
  5 naga simulacra (IceCv)
  2 river rats (Sewer)
  2 shadow imps (D:7)
  6 white imps
  17 ufetubi
  3 dart slugs
  8 ribbon worms
  79 orcs
  12 endoplasms
  A giant cockroach (D:3)
  13 hobgoblins
  15 jackals
  6 quokkas
  15 ball pythons
  5 bats
  4 frilled lizards
  13 goblins
  27 kobolds
  7 rats
  A spectral orc (D:6)
936 creatures vanquished.

Vanquished Creatures (collateral kills)
  A death yak (Lair:5)
  A two-headed ogre (D:11)
  An orc high priest (Orc:2)
  Urug (D:11)
  A necromancer (D:13)
  A cyclops (D:13)
  A cane toad (Lair:2)
  An unseen horror (D:12)
  Psyche (D:11)
  3 komodo dragons
  A freezing wraith (IceCv)
  A tarantella (Spider:1)
  A wraith (D:10)
  3 yaks
  2 humans (D:13)
  3 orc warriors
  A black bear (Lair:5)
  An ogre (D:11)
  5 wolves
  A cane toad simulacrum (IceCv)
  A two-headed ogre simulacrum (IceCv)
  A spriggan simulacrum (IceCv)
  A wolf simulacrum (IceCv)
  A white imp (IceCv)
  11 foxfires
46 creatures vanquished.

Vanquished Creatures (others)
  An ufetubus (IceCv)
  84 blazeheart cores
  970 foxfires
  A spectral weapon (D:13)
1056 creatures vanquished.

Grand Total: 2038 creatures vanquished

Notes
Turn   | Place    | Note
-------+----------+-------------------------------------------
     0 | D:1      | EnegeticOcto the Ghoul Fire Elementalist began the quest
                  | for the Orb.
     0 | D:1      | Reached XP level 1. HP: 14/14 MP: 3/3
   259 | D:1      | Reached skill level 3 in Stealth
   259 | D:1      | Reached XP level 2. HP: 20/20 MP: 0/4
   275 | D:1      | Reached skill level 2 in Spellcasting
   284 | D:1      | HP: 1/20 [jackal (3)]
   286 | D:1      | Reached skill level 1 in Conjurations
   388 | D:1      | Reached skill level 1 in Fighting
   437 | D:1      | Learned a level 2 spell: Scorch
   525 | D:1      | Found a faded altar of an unknown god.
   677 | D:1      | Reached XP level 3. HP: 28/28 MP: 2/6
  2028 | D:2      | Reached XP level 4. HP: 35/35 MP: 3/7
  3073 | D:3      | Reached skill level 3 in Fire Magic
  3491 | D:3      | Reached skill level 3 in Spellcasting
  3491 | D:3      | Reached XP level 5. HP: 40/40 MP: 0/9
  4269 | D:3      | Learned a level 1 spell: Apportation
  4271 | D:3      | Learned a level 1 spell: Summon Small Mammal
  4400 | D:4      | Reached skill level 4 in Fire Magic
  4454 | D:4      | Reached XP level 6. HP: 47/47 MP: 2/11
  4727 | D:4      | Reached skill level 4 in Spellcasting
  4799 | D:4      | Found a glowing drain.
  4824 | Sewer    | Entered a sewer
  5155 | Sewer    | Reached skill level 2 in Fighting
  5229 | Sewer    | Reached XP level 7. HP: 55/55 MP: 10/13
  5968 | Sewer    | Reached skill level 3 in Fighting
  6293 | D:4      | Learned a level 4 spell: Summon Blazeheart Golem
  6581 | D:5      | Entered Level 5 of the Dungeon
  6585 | D:5      | Reached skill level 5 in Spellcasting
  6585 | D:5      | Reached skill level 1 in Summonings
  6585 | D:5      | Reached skill level 5 in Fire Magic
  6585 | D:5      | Reached XP level 8. HP: 63/63 MP: 8/15
  6870 | D:5      | Found an ancient bone altar of Kikubaaqudgha.
  6964 | D:5      | Reached skill level 2 in Summonings
  8040 | D:6      | Found a basalt altar of Yredelemnul.
  8212 | D:6      | Got the Tome of the Mantle
  8238 | D:6      | Reached skill level 3 in Summonings
  8387 | D:6      | Reached skill level 6 in Spellcasting
  8387 | D:6      | Reached skill level 6 in Fire Magic
  8657 | D:6      | Found a stormy altar of Qazlal.
  8677 | D:6      | Reached XP level 9. HP: 69/69 MP: 10/18
  8678 | D:6      | Reached skill level 4 in Summonings
  8903 | D:6      | Identified a scroll of acquirement
  8904 | D:6      | Acquired the +2 buckler "Icsy" {rElec Will+ Int-2}
  9246 | D:7      | Found a staircase to the Ecumenical Temple.
  9711 | D:7      | Reached skill level 1 in Shields
 10235 | D:7      | Reached skill level 5 in Summonings
 10340 | D:7      | Noticed Jeremiah
 10385 | D:7      | Killed Jeremiah
 10386 | D:7      | Reached skill level 4 in Fighting
 10386 | D:7      | Reached skill level 2 in Shields
 10637 | Temple   | Entered the Ecumenical Temple
 10705 | Temple   | Became a worshipper of Sif Muna the Loreminder
 10871 | D:7      | Noticed Joseph
 11394 | D:7      | Found a roughly hewn altar of Beogh.
 11394 | D:7      | Found a transporter.
 11590 | D:7      | Found a transporter.
 12065 | D:8      | Reached skill level 3 in Shields
 12135 | D:8      | Reached skill level 5 in Fighting
 12135 | D:8      | Reached XP level 10. HP: 78/81 MP: 6/20
 12272 | D:8      | Found a flagged portal.
 12377 | Bailey   | Entered a bailey
 12391 | Bailey   | Reached skill level 7 in Spellcasting
 12391 | Bailey   | Reached skill level 7 in Fire Magic
 12400 | Bailey   | Reached * piety under Sif Muna
 12417 | Bailey   | Reached skill level 1 in Invocations
 12503 | Bailey   | Reached skill level 2 in Invocations
 12643 | Bailey   | Reached skill level 3 in Invocations
 12663 | Bailey   | Reached skill level 4 in Invocations
 12752 | Bailey   | Noticed Prince Ribbit
 12757 | Bailey   | Killed Prince Ribbit
 12902 | Bailey   | Noticed a vault guard
 12919 | Bailey   | Killed a vault guard
 12920 | Bailey   | Reached skill level 6 in Invocations
 13001 | Bailey   | Noticed a vault guard
 13021 | Bailey   | Killed a vault guard
 13022 | Bailey   | Reached skill level 7 in Invocations
 13660 | D:8      | Reached skill level 8 in Invocations
 14347 | D:9      | Reached XP level 11. HP: 84/86 MP: 11/21
 14690 | D:9      | Reached skill level 9 in Invocations
 15155 | D:9      | Found a staircase to the Lair.
 15883 | D:9      | Noticed a two-headed ogre
 15893 | D:9      | Killed a two-headed ogre
 15894 | D:9      | Reached skill level 6 in Fighting
 15906 | D:9      | Reached ** piety under Sif Muna
 16665 | D:9      | Reached skill level 8 in Spellcasting
 16665 | D:9      | Reached skill level 8 in Fire Magic
 16695 | D:9      | Reached skill level 7 in Fighting
 17004 | D:10     | Entered Level 10 of the Dungeon
 17252 | D:10     | Reached skill level 8 in Fighting
 17322 | D:10     | Found an opulent altar of Gozag.
 17468 | D:10     | Found a transporter.
 17493 | D:10     | Noticed nakedcarnage's ghost (journeyman OpWn)
 17509 | D:10     | Found a transporter.
 17924 | D:10     | Found a staircase to the Orcish Mines.
 17937 | D:10     | Found a radiant altar of Vehumet.
 18361 | Lair:1   | Entered Level 1 of the Lair of Beasts
 18393 | Lair:1   | Reached skill level 1 in Evocations
 18746 | Lair:1   | Reached skill level 2 in Conjurations
 18746 | Lair:1   | Reached XP level 12. HP: 101/101 MP: 8/24
 18914 | Lair:1   | Reached skill level 2 in Evocations
 19168 | Lair:1   | Reached skill level 4 in Shields
 19695 | Lair:1   | Noticed a catoblepas
 19704 | Lair:1   | Killed a catoblepas
 19705 | Lair:1   | Reached skill level 3 in Conjurations
 19939 | Lair:2   | Reached skill level 3 in Evocations
 19999 | Lair:2   | Reached *** piety under Sif Muna
 20012 | Lair:2   | Reached skill level 10 in Invocations
 20493 | Lair:2   | Reached skill level 4 in Conjurations
 20493 | Lair:2   | Reached skill level 9 in Fire Magic
 20493 | Lair:2   | Reached skill level 4 in Evocations
 20498 | Lair:2   | Found a hole to the Spider Nest.
 21553 | Lair:3   | Found a staircase to the Swamp.
 21932 | Lair:2   | Reached skill level 5 in Conjurations
 21932 | Lair:2   | Reached skill level 10 in Fire Magic
 21932 | Lair:2   | Reached XP level 13. HP: 107/107 MP: 3/25
 22155 | Lair:3   | Reached skill level 2 in Dodging
 22312 | Lair:3   | Noticed Nessos
 22313 | Lair:3   | Nessos changed into Nessos the shining eye
 22313 | Lair:3   | Noticed Nessos
 22327 | Lair:3   | Killed Nessos the shining eye
 22453 | Lair:3   | Reached skill level 3 in Dodging
 22551 | Lair:3   | Noticed Fannar
 22559 | Lair:3   | Killed Fannar
 23100 | Lair:4   | Reached skill level 6 in Conjurations
 23206 | Lair:4   | Reached **** piety under Sif Muna
 23516 | Lair:4   | Reached skill level 4 in Dodging
 23908 | Lair:4   | Reached skill level 7 in Conjurations
 24699 | Lair:5   | Entered Level 5 of the Lair of Beasts
 24699 | Lair:5   | Found a frozen archway.
 24942 | Lair:5   | Learned a level 4 spell: Flame Wave
 24949 | Lair:5   | Learned a level 6 spell: Starburst
 24953 | IceCv    | Entered an ice cave
 25543 | IceCv    | Learned a level 5 spell: Fireball
 26220 | IceCv    | Reached ***** piety under Sif Muna
 27938 | Lair:5   | Found a staircase to the Slime Pits.
 27939 | Lair:5   | Found a viscous altar of Jiyva.
 27979 | Lair:5   | Reached skill level 8 in Conjurations
 28075 | Lair:5   | Received a gift from Sif Muna
 28193 | Lair:5   | Got Sif Muna's Tome of Lapidary Electricity {god gift}
 28746 | Lair:5   | Reached XP level 14. HP: 115/116 MP: 10/26
 28841 | Lair:5   | Reached skill level 9 in Fighting
 29169 | Lair:5   | Reached skill level 11 in Invocations
 29854 | D:11     | Found a bloodstained altar of Trog.
 30036 | D:11     | Reached skill level 9 in Spellcasting
 30206 | D:11     | Noticed Urug
 30206 | D:11     | You fall into a shaft and drop 1 floor!
 30212 | D:12     | Found a runed translucent gate.
 30216 | D:12     | Found a runed translucent gate.
 30217 | D:12     | Found a runed translucent gate.
 30219 | D:12     | Noticed GordonOverkill's ghost (journeyman DEDe)
 30219 | D:12     | Noticed Byttilayh's ghost (journeyman GrMo)
 30325 | D:11     | Found Bearch Dimeqi's Weapon Boutique.
 30553 | D:11     | Identified the amulet of Qacyluk {Faith +Inv rF+ rC+ Will+}
 30572 | D:11     | Killed Urug
 30575 | D:11     | Noticed Psyche
 30793 | D:11     | Killed Psyche
 31016 | Orc:1    | Entered Level 1 of the Orcish Mines
 32009 | Orc:2    | Entered Level 2 of the Orcish Mines
 32065 | Orc:2    | Reached skill level 10 in Fighting
 32336 | Orc:2    | Found a bloodstained altar of Trog.
 32717 | Orc:2    | Reached skill level 11 in Fire Magic
 34540 | Orc:2    | Reached skill level 12 in Invocations
 35075 | Orc:2    | Found a staircase to the Elven Halls.
 36105 | Orc:2    | Reached XP level 15. HP: 111/126 MP: 7/28
 36228 | Orc:2    | Reached skill level 10 in Spellcasting
 36369 | Orc:2    | Found Dyfuar's Antique Weapon Boutique.
 36370 | Orc:2    | Found Daedegem's Assorted Antiques.
 36370 | Orc:2    | Found Yrchiklu's Antique Weapon Boutique.
 36371 | Orc:2    | Found Koun's Antique Weapon Boutique.
 36381 | Orc:2    | Bought a twisted flail for 187 gold pieces
 36381 | Orc:2    | Identified the +10 flail "Isynont" {spect, rN+ rCorr} (You
                  | bought it in a shop on level 2 of the Orcish Mines)
 36387 | Orc:2    | Bought a potion of curing for 81 gold pieces
 36387 | Orc:2    | Bought a scroll of identify for 54 gold pieces
 36387 | Orc:2    | Bought a potion of heal wounds for 135 gold pieces
 36387 | Orc:2    | Bought a scroll labelled YSCHUSH ECUEMENG for 27 gold
                  | pieces
 36387 | Orc:2    | Bought a scroll of identify for 54 gold pieces
 37072 | D:12     | Noticed a frost giant
 37079 | D:12     | Killed a frost giant
 37433 | D:12     | Reached skill level 13 in Invocations
 37777 | D:12     | Noticed a tengu reaver
 37784 | D:12     | Killed a tengu reaver
 37785 | D:12     | Reached skill level 12 in Fire Magic
 37943 | D:12     | Acquired the Almanac of Feculent Kinetic Energy
 37974 | D:12     | Learned a level 5 spell: Irradiate
 38064 | D:12     | Received a gift from Sif Muna
 38073 | D:12     | Got Ukap's Omnibus of Force {god gift}
 38342 | D:12     | Noticed a sphinx
 38351 | D:12     | Noticed a fire giant
 38810 | D:13     | Reached skill level 14 in Invocations
 38991 | D:13     | Reached skill level 1 in Alchemy
 39151 | D:13     | Noticed Lodul
 39334 | D:13     | Reached skill level 2 in Alchemy
 39339 | D:13     | Killed Lodul
 39613 | D:13     | Reached skill level 3 in Alchemy
 39929 | D:13     | Reached skill level 11 in Fighting
 40028 | D:13     | Reached skill level 4 in Alchemy
 40146 | D:13     | Found a gate to the Vaults.
 40460 | D:14     | Found a broken altar of Ashenzari.
 40514 | D:14     | Found a gate leading to a gauntlet.
 40523 | Gauntlet | Entered a Gauntlet
 40523 | Gauntlet | Found a transporter.
 40523 | Gauntlet | Found a transporter.
 40629 | Gauntlet | Found a transporter.
 40629 | Gauntlet | Found a transporter.
 40633 | Gauntlet | Found a transporter.
 40633 | Gauntlet | Found a transporter.
 40659 | Gauntlet | Found a transporter.
 40663 | Gauntlet | Found a transporter.
 40667 | Gauntlet | Found a runed translucent door.
 40667 | Gauntlet | Found a runed translucent door.
 40671 | Gauntlet | Found a transporter.
 40688 | Gauntlet | Found a transporter.
 40703 | Gauntlet | Found a transporter.
 40707 | Gauntlet | Found a transporter.
 41154 | Gauntlet | Reached skill level 5 in Alchemy
 41622 | D:14     | Reached XP level 16. HP: 139/139 MP: 24/30
 41870 | D:14     | Reached skill level 12 in Fighting
 42062 | D:15     | Entered Level 15 of the Dungeon
 42176 | D:15     | Reached skill level 6 in Alchemy
 42293 | D:15     | Found a staircase to the Depths.
 42566 | D:15     | Reached skill level 7 in Alchemy
 42566 | D:15     | Received a gift from Sif Muna
 42577 | D:15     | Reached skill level 8 in Alchemy
 42577 | D:15     | Got Sif Muna's Collected Works on Gusty Translocation {god
                  | gift}
 43587 | D:15     | Reached skill level 9 in Alchemy
 45055 | D:15     | Found a staircase to the Depths.
 46007 | D:12     | Reached skill level 9 in Conjurations
 46011 | D:12     | Killed a sphinx
 46434 | D:12     | Got Sif Muna's Tractate on Frost and Leadership
 46650 | D:7      | Killed Joseph
 47227 | D:10     | Killed nakedcarnage's ghost
 47363 | Swamp:1  | Entered Level 1 of the Swamp
 47366 | Lair:3   | Upgraded the game from 0.32-a0-543-gefe97123c3 to
                  | 0.32-a0-572-g3e1049bc92
 47392 | Spider:1 | Entered Level 1 of the Spider Nest
 48352 | Spider:1 | Reached skill level 10 in Conjurations
 48372 | Spider:1 | Noticed Asterion
 48401 | Spider:1 | Killed Asterion
 48787 | Spider:1 | Reached XP level 17. HP: 147/148 MP: 10/31
 48809 | Spider:1 | Reached skill level 13 in Fighting
 51614 | Spider:2 | You fall into a shaft and drop 1 floor!
 51615 | Spider:3 | Identified the serpent talisman "Moeps" {rElec Dex+5}
 51615 | Spider:3 | Noticed Aizul
 51630 | Spider:3 | Killed Aizul
 51879 | Spider:3 | Received a gift from Sif Muna
 51888 | Spider:3 | Got Sif Muna's Atlas of Beguiled Bombardment {god gift}
 52021 | Spider:3 | Slain by a jumping spider

Illustrated notes

Levels and vault maps discovered:
D:1:      wheals_arrival_linesprint, layout_basic, ebering_ecumenical_altar_webs
D:2:      layout_basic
D:3:      minmay_razor_zed, layout_loops_ring, grunt_ministairs_5
D:4:      layout_loops_cross, cheibrodos_sewer_entry_bend, nrook_mini_vaults
D:5:      layout_loops_ring, overflow_temple_1_default, hex_tiny
D:6:      layout_cave_pods, lemuel_round_altar,
          yredelemnul_forgotten_temple_becter
D:7:      gammafunk_beogh_shrine, layout_loops_ring,
          minmay_temple_entry_drinking_statues, minmay_puff, uniq_jeremiah,
          uniq_joseph
D:8:      layout_basic, enter_bailey_7, nicolae_concentric_dashed_squares_mild
D:9:      cheibrodos_frozen_isle, layout_basic, lair_entry_dummy
D:10:     layout_stronghold, vehumet_altar_wand_db,
          nicolae_gozag_cash_rules_everything_around_me, orc_0_dummy,
          gammafunk_ghost_stat_death
D:11:     layout_gridville, serial_shops, shop, trog_hazing_becter, uniq_urug,
          uniq_psyche
D:12:     layout_rooms, gammafunk_ghost_cemetery, nicolae_rejected_hall
D:13:     layout_rooms, grunt_vaults_entry_tiered, uniq_lodul
D:14:     layout_rooms, nicolae_ashenzari_panopticon, gauntlet_entry_generic
D:15:     grunt_enter_depths_snipers, layout_basic, nicolae_wwwww,
          minmay_misc_feat_cross
Temple:   minmay_temple_bridge_d
Lair:1:   layout_roguey
Lair:2:   layout_regular_city, spider_nest_entry_rubble, enter_volcano_3,
          serial_rivers, chequers_serial_rivers_small_b,
          chequers_serial_rivers_marsh, chequers_serial_rivers_marsh,
          chequers_serial_rivers_small_b, chequers_serial_rivers_room_b,
          chequers_serial_rivers_micro_c, minmay_holes,
          cheibrodos_lair_caveside_slide, cheibrodos_lair_lostbears
Lair:3:   layout_chaotic_city, minmay_swamp_entry_eels, serial_bayou_lake_a,
          infiniplex_staircase_pool_2, uniq_nessos, uniq_fannar
Lair:4:   layout_cave_pods
Lair:5:   grunt_lair_end_beastmaster, layout_loops_ring, slime_entry_1,
          portal_ice_cave_entry_ice_simulacra, minivault_19
Swamp:1:  layout_falls_marsh, evilmike_swamp_ruin_rubble_1
Spider:1: layout_cave_pods, hangedman_spider_mandibles, uniq_asterion
Spider:2: layout_spider_delve
Spider:3: layout_spider_delve, nicolae_spider_baby_got_redback, uniq_arachne,
          uniq_aizul, uniq_donald
Orc:1:    layout_diamond_mine
Orc:2:    st_orc_pillars, layout_caves, basic_altar, nicolae_orc_damp_corner

Skill      XL: |  1  2  3  4  5  6  7  8  9 10 11 12 13 14 15 16 17 |
---------------+----------------------------------------------------+-----
Stealth        | 3 |  3.0
Spellcasting   | 2 3 4 5 6 7 8 9 10 | 10.6
Conjurations   | 1 2 5 8 10 | 10.0
Fighting       | 1 2 3 5 8 10 11 12 13 | 13.8
Fire Magic     | 3 4 5 6 7 8 10 11 12 | 12.5
Summonings     | 1 3 5 |  5.0
Shields        | 3 4 |  4.0
Invocations    | 8 9 10 12 14 | 14.0
Evocations     | 1 4 |  4.0
Dodging        | 4 |  4.0
Alchemy        | 5 9 |  9.0

Action                     |  1- 3 |  4- 6 |  7- 9 | 10-12 | 13-15 | 16-18 || total
---------------------------+-------+-------+-------+-------+-------+-------++-------
  Melee: Unarmed           |     8 |       |       |       |       |       ||     8
         Dagger            |       |    44 |    14 |    29 |    21 |       ||   108
         Short sword       |       |     6 |       |       |       |       ||     6
         Flail             |       |       |       |       |    28 |       ||    28
         Staff             |       |       |       |       |       |    28 ||    28
  Throw: Dart              |     3 |     5 |       |       |       |       ||     8
   Cast: Foxfire           |    65 |    57 |   120 |   269 |    50 |       ||   561
         Scorch            |       |    42 |   147 |   347 |   593 |   167 ||  1296
         Summon Blazeheart |       |       |       |    23 |    74 |    21 ||   118
         Fireball          |       |       |       |       |   167 |   135 ||   302
         Flame Wave        |       |       |       |       |    26 |    19 ||    45
         Irradiate         |       |       |       |       |       |    36 ||    36
         Starburst         |       |       |       |       |       |     7 ||     7
 Invoke: Channel Magic     |       |       |       |     7 |    15 |    10 ||    32
  Evoke: Wand              |       |       |     2 |     4 |     3 |     6 ||    15
         Tin of tremorston |       |       |       |       |       |     1 ||     1
    Use: Potion            |     2 |       |       |     3 |       |       ||     5
         Scroll            |     2 |     3 |     9 |     8 |    13 |     6 ||    41
   Stab: Sleeping          |       |     4 |       |       |       |       ||     4
         Paralysed         |       |       |       |    13 |       |       ||    13
 Armour: Robe              |    25 |    39 |    58 |   174 |   220 |   220 ||   736
  Dodge: Dodged            |    14 |    38 |    39 |   109 |   230 |   208 ||   638
  Block: Buckler           |       |       |     9 |   115 |   241 |   180 ||   545
         Reflection        |       |       |       |       |    27 |     4 ||    31

Table legend: (Time is in decaauts)
 A = Elapsed time spent in this place.
 B = Non-inter-level travel time spent in this place.
 C = Inter-level travel time spent in this place.
 D = Time resting spent in this place.
 E = Time spent auto-exploring this place.
 F = Levels seen in this place.
 G = Mean time per level.
                   A        B        C        D        E       F      G
               +--------+--------+--------+--------+--------+-----+--------+
         Total |  52297 |  50144 |   2153 |  17236 |  24600 |  31 | 1687.0 |
       Dungeon |  27625 |  26243 |   1382 |   8060 |  13768 |  15 | 1841.7 |
        Temple |    136 |      2 |    134 |      0 |      0 |   1 |  136.0 |
          Lair |   8812 |   8430 |    382 |   2394 |   4795 |   5 | 1762.4 |
         Swamp |      1 |      1 |      0 |      0 |      0 |   1 |    1.0 |
   Spider Nest |   4321 |   4216 |    105 |   1828 |   1742 |   3 | 1440.3 |
  Orcish Mines |   5416 |   5269 |    147 |   1992 |   2424 |   2 | 2708.0 |
         Sewer |   1366 |   1366 |      0 |     34 |   1153 |   1 | 1366.0 |
        Bailey |   1097 |   1097 |      0 |    789 |     36 |   1 | 1097.0 |
      Ice Cave |   2710 |   2710 |      0 |   1821 |    484 |   1 | 2710.0 |
      Gauntlet |    808 |    808 |      0 |    318 |    197 |   1 |  808.0 |
               +--------+--------+--------+--------+--------+-----+--------+

Top non-repeatable levels by time:
   Orc:2: 4359 daAuts
    D:12: 3462 daAuts
Spider:1: 3073 daAuts
     D:7: 2835 daAuts
   IceCv: 2710 daAuts
     D:9: 2682 daAuts
    D:15: 2467 daAuts
  Lair:2: 2201 daAuts
  Lair:5: 1942 daAuts
    D:10: 1842 daAuts
  Lair:4: 1744 daAuts
  Lair:1: 1674 daAuts
    D:11: 1647 daAuts
     D:2: 1633 daAuts
     D:6: 1603 daAuts

Table legend:
 A = Kills in this place as a percentage of kills in the entire game.
 B = Kills by you in this place as a percentage of kills by you in the entire game.
 C = Kills by friends in this place as a percentage of kills by friends in the entire game.
 D = Other kills in this place as a percentage of other kills in the entire game.
 E = Experience gained in this place as a percentage of experience gained in the entire game.
 F = Experience gained in this place divided by the number of levels of this place that you have seen.
                   A       B       C       D       E      F
               +-------+-------+-------+-------+-------+----------------------
         Total | 100.0 | 100.0 | 100.0 |   N/A | 100.0 | 6697.1
       Dungeon |  48.4 |  48.9 |  34.3 |   N/A |  46.0 | 6367.3
          Lair |  15.6 |  14.8 |  37.1 |   N/A |  19.0 | 7903.4
   Spider Nest |  10.8 |  11.1 |   2.9 |   N/A |  19.0 | 13115.3
  Orcish Mines |  13.1 |  13.3 |   8.6 |   N/A |  10.0 | 10386.0
         Sewer |   2.9 |   3.0 |   0.0 |   N/A |   0.2 | 399.0
        Bailey |   2.7 |   2.8 |   0.0 |   N/A |   1.8 | 3795.0
      Ice Cave |   5.3 |   4.8 |  17.1 |   N/A |   2.1 | 4392.0
      Gauntlet |   1.3 |   1.4 |   0.0 |   N/A |   1.9 | 3879.0
               +-------+-------+-------+-------+-------+----------------------
